 Dungeon Crawl Stone Soup version 0.30-a0-347-gf58ed5266c (webtiles) character file.

Game seed: 14809704433318216906

268 purpskrrrp the Chopper (level 6, 0/49 HPs)
             Began as a Demonspawn Fighter on Nov 5, 2022.
             Was a Follower of Yredelemnul.
             Slain by a gnoll
             ... wielding a +0 spear
              (6 damage)
             ... on level 4 of the Dungeon.
             The game lasted 00:05:26 (2351 turns).

purpskrrrp the Chopper (Demonspawn Fighter)         Turns: 2351, Time: 00:05:26

Health: 0/49       AC:  6    Str: 18    XL:     6   Next: 1%
Magic:  6/6        EV:  9    Int:  9    God:    Yredelemnul [*.....]
Gold:   188        SH:  4    Dex: 13    Spells: 5/5 levels left

rFire   . . .      SeeInvis .    a - +0 war axe
rCold   . . .      Faith    .    c - +0 buckler
rNeg    . . .      Spirit   .    b - +0 scale mail
rPois   .          Reflect  .    (no helmet)
rElec   .          Harm     .    (no cloak)
rCorr   .          Rampage  .    (no gloves)
Will    .....                    (no boots)
Stlth   ..........               i - amulet of regeneration
HPRegen 1.08/turn                (no ring)
MPRegen 0.10/turn                (no ring)

@: no status effects
A: claws 1, demonic magic 1
a: Renounce Religion, Recall Undead Harvest


You were on level 4 of the Dungeon.
You worshipped Yredelemnul.
Yredelemnul was noncommittal.
You visited 1 branch of the dungeon, and saw 4 of its levels.

You collected 188 gold pieces.

Inventory:

Hand Weapons
 a - a +0 war axe (weapon)
Armour
 b - a +0 scale mail (worn)
 c - a +0 buckler (worn)
Jewellery
 i - an amulet of regeneration (around neck)
Scrolls
 d - 2 scrolls of teleportation
 f - a scroll of noise {unknown}
 l - a scroll of enchant weapon {unknown}
Potions
 g - a potion of mutation {unknown}
 h - a potion of attraction {unknown}
 j - 2 potions of lignification
 k - a potion of haste {unknown}
 m - a potion of cancellation {unknown}
 n - a potion of flight {unknown}
 o - 2 potions of ambrosia {unknown}
 p - a potion of curing {unknown}
 q - a potion of brilliance {unknown}


   Skills:
 + Level 4.5 Fighting
 * Level 4.8 Axes
 - Level 2.6 Armour
 - Level 2.6 Shields


You had 5 spell levels left.
You didn't know any spells.
Your spell library contained the following spells:

 Spells                   Type           Power      Damage    Failure   Level
 Freeze                   Ice            0%         1d3       86%         1
 Frozen Ramparts          Ice            0%         1d1       99%         3
 Hailstorm                Conj/Ice       0%         3d3       99%         3
 Summon Guardian Golem    Hex/Summ       0%         N/A       99%         3
 Orb of Destruction       Conj           0%         9d5       100%        7
 Spellforged Servitor     Conj/Summ      0%         N/A       100%        7


Dungeon Overview and Level Annotations

Branches:
Dungeon (4/15)
 Temple: D:4-7

Altars:
Ru
Yredelemnul

Shops:
D:2 =


Innate Abilities, Weirdness & Mutations

You have sharp fingernails.
Spells you cast may paralyse adjacent enemies.


Message History

You closely miss the orc priest.
The orc priest is almost dead.
The gnoll hits you from afar with a +0 spear.
The gnoll barely misses you. You block the orc priest's attack.
Your hobgoblin zombie barely misses the orc priest.
Your endoplasm zombie hits the gnoll.
Your orc zombie hits the orc priest but does no damage.
The gnoll hits you from afar with a +0 spear.
Your gnoll zombie hits the gnoll.
The gnoll hits you from afar with a +0 spear.
The orc priest hits your orc zombie with a +0 dagger.
You are too injured to fight recklessly!
You are too injured to fight recklessly!
You strike the helpless orc priest from behind!
You hit the orc priest.
You kill the orc priest!
The gnoll closely misses you. The gnoll barely misses you.
Your endoplasm zombie hits the gnoll.
Your gnoll zombie hits the gnoll.
You swap places.
The gnoll hits you with a +0 spear.
* * * LOW HITPOINT WARNING * * *
The gnoll hits you with a +0 spear.
* * * LOW HITPOINT WARNING * * *
Your endoplasm zombie hits the gnoll but does no damage.
Your orc zombie hits the gnoll.
Things that are here:
a +0 dagger; a +0 leather armour You hit the gnoll.
The gnoll is almost dead.
You hit the gnoll.
Your gnoll zombie hits the gnoll.
The gnoll hits you with a +0 spear!
* * * LOW HITPOINT WARNING * * *
The gnoll hits you but does no damage.
Your endoplasm zombie hits the gnoll.
Your orc zombie hits the gnoll.
The gnoll dies!
You have reached level 6!
You closely miss the gnoll.
The gnoll is almost dead.
The gnoll hits you with a +0 spear.
You die...
Your body rises from the dead as a mindless zombie.

#....# . ####..# ###
#.....# # ... #.##..#
#. #.# #.##..# .###..#
#.##.># ....
#######.##..#####.#.#
.........).....ZZ.#.##
#######.#######Z@Z...#
#.#.Z...#gZ....#
#.#.###.#......#
#....##.#.........
#.#####.#......### ###
### #.######## ##.##
#.......Z########....
########..Z..ZZ...#.#
##########...#


You could see a gnoll (ally target), a friendly endoplasm zombie, a friendly
hobgoblin zombie, a friendly gnoll zombie, a friendly kobold zombie and a
friendly orc zombie.

Vanquished Creatures
  A jelly (D:4)
  2 orc priests (D:4)
  2 orc wizards (D:3)
  4 adders
  A gnoll (D:4)
  3 worms (D:3)
  3 dart slugs
  2 orcs (D:3)
  A ball python (D:1)
  9 endoplasms
  3 giant cockroaches
  2 goblins
  6 hobgoblins
  4 kobolds
  4 quokkas
  4 bats
  6 frilled lizards
  2 rats (D:1)
  A spectral goblin (D:2)
60 creatures vanquished.

Vanquished Creatures (collateral kills)
  A gnoll (D:4)
  2 orcs
  A ball python (D:3)
4 creatures vanquished.

Vanquished Creatures (others)
  An orc zombie (D:3)
1 creature vanquished.

Grand Total: 65 creatures vanquished

Notes
Turn   | Place    | Note
-------+----------+-------------------------------------------
     0 | D:1      | purpskrrrp the Demonspawn Fighter began the quest for the
                  | Orb.
     0 | D:1      | Reached XP level 1. HP: 18/18 MP: 1/1
   105 | D:1      | Gained mutation: You have sharp fingernails. [demonic
                  | ancestry]
   105 | D:1      | Reached XP level 2. HP: 12/24 MP: 2/2
   465 | D:1      | Reached XP level 3. HP: 29/29 MP: 3/3
   716 | D:2      | Found a faded altar of an unknown god.
   724 | D:2      | Found Lausin's Jewellery Emporium.
   876 | D:2      | Gained mutation: Spells you cast may paralyse adjacent
                  | enemies. [demonic ancestry]
   876 | D:2      | Reached XP level 4. HP: 37/37 MP: 4/4
  1219 | D:2      | Prayed at the altar of an unknown god.
  1219 | D:2      | Became a worshipper of Yredelemnul the Dark
  1219 | D:2      | Reached * piety under Yredelemnul
  1612 | D:3      | Reached XP level 5. HP: 42/42 MP: 5/5
  1654 | D:3      | Reached ** piety under Yredelemnul
  1905 | D:3      | Found a sacrificial altar of Ru.
  2341 | D:4      | HP: 1/43 [gnoll/+0 spear (6)]
  2351 | D:4      | Reached XP level 6. HP: 4/49 MP: 6/6
  2351 | D:4      | Slain by a gnoll

Illustrated notes

Levels and vault maps discovered:
D:1:      minmay_arrival_radiant_lines, layout_basic, interstate_on_off
D:2:      layout_rooms, serial_shops, nicolae_shop_advertising_works
          [nicolae_subvault_shop_adworks],
          dreamdust_ecumenical_altar_drowned_temple
D:3:      layout_basic, nicolae_ru_path_of_blood, minmay_circle_x
D:4:      layout_loops_ring, serial_co_window_serial, co_window_paths_b,
          co_window_cross_1, co_window_paths_a, co_window_of_opportunity_a,
          co_window_paths_b, co_window_broadway_a, co_window_2corner,
          co_window_broadway_c, co_window_2corner, co_window_corner_b,
          co_window_corner_cb, co_window_corner_cb, co_window_sun,
          co_window_paths_e, glass_columns_b, uniq_duvessa

Skill      XL: |  1  2  3  4 |
---------------+-------------+-----
Axes           | 2 3 4 |  4.8
Fighting       | 4 |  4.5
Armour         | |  2.6
Shields        | |  2.6

Action                   |  1- 3 |  4- 6 || total
-------------------------+-------+-------++-------
Melee: War axe           |   113 |    80 ||   193
  Use: Scroll            |       |     4 ||     4
       Potion            |       |     3 ||     3
 Stab: Distracted        |       |     1 ||     1
Armor: Scale mail        |    56 |    43 ||    99
Dodge: Dodged            |    56 |    49 ||   105
Block: Buckler           |    22 |    13 ||    35

Table legend: (Time is in decaauts)
 A = Elapsed time spent in this place.
 B = Non-inter-level travel time spent in this place.
 C = Inter-level travel time spent in this place.
 D = Time resting spent in this place.
 E = Time spent auto-exploring this place.
 F = Levels seen in this place.
 G = Mean time per level.
                   A        B        C        D        E       F      G
               +--------+--------+--------+--------+--------+-----+--------+
         Total |   2432 |   2341 |     91 |      0 |   1755 |   4 |  608.0 |
       Dungeon |   2432 |   2341 |     91 |      0 |   1755 |   4 |  608.0 |
               +--------+--------+--------+--------+--------+-----+--------+

Top non-repeatable levels by time:
     D:3: 926 daAuts
     D:1: 672 daAuts
     D:2: 627 daAuts
     D:4: 206 daAuts
